AoeStats
← Perniicek

Black Forest

509605619Analyzed
2v2 RM · 6d ago on Sep 27, 2026· 51m 9s· 4 players
Game mode
Random Map
Map size
Medium (4 player)
Population
200
Speed
Normal
Resources
Standard
Victory
Conquest
Starting age
Dark Age
Ending age
Imperial Age
RankedLock teamsTeams togetherTeam positionsShared explorationLock speedFull tech treeHidden civsTurbo modeCheats
Victory
Defeat
🇩🇪 Celts · Germany
814
+25
🇨🇿 Bengalis · Czechia
715
+35
🇷🇺 Byzantines · Russia
779
-17
769
-16
--SHAKAL
25:04 Feudal Age
25:30 Horse Collar
25:45 Double-Bit Axe
27:11 Wheelbarrow
31:02 Castle Age
31:39 Pikeman
32:22 Squires
32:55 Hand Cart
39:50 Fortified Wall
40:18 Padded Archer Armor
40:09 Fletching
40:20 Scale Mail Armor
40:31 Forging
46:22 Chain Mail Armor
46:44 Iron Casting
Парень с высшим
7:49 Loom
11:43 Feudal Age
16:09 Castle Age
15:11 Double-Bit Axe
16:02 Horse Collar
17:39 Heavy Plow
23:16 Wheelbarrow
23:57 Stone Mining
23:57 Gold Mining
26:34 Town Watch
27:58 Inquisition
28:30 Sanctity
28:28 Town Patrol
29:31 Stone Shaft Mining
31:34 Coinage
32:28 Hand Cart
32:13 Town Patrol
36:57 Imperial Age
34:12 Elite Skirmisher
34:48 Fletching
34:58 Padded Archer Armor
37:12 Bow Saw
37:38 Redemption
37:41 Fervor
38:11 Thumb Ring
39:00 Theocracy
38:54 Block Printing
40:07 Bodkin Arrow
40:27 Leather Archer Armor
42:33 Elite Conquistador
43:33 Conscription
43:49 Hoardings
44:20 Bracer
44:50 Ring Archer Armor
44:30 Forging
44:25 Scale Barding Armor
44:52 Masonry
44:55 Bloodlines
44:45 Husbandry
49:37 Chemistry
48:58 Ballistics
49:08 Architecture
48:26 Arrowslits
Perniicek
13:18 Feudal Age
17:16 Castle Age
15:46 Double-Bit Axe
18:06 Wheelbarrow
18:41 Fishing Lines
18:44 Horse Collar
22:39 Bow Saw
23:34 Town Watch
24:46 Gold Mining
25:08 Stone Mining
28:07 Gold Shaft Mining
31:45 Imperial Age
29:42 Ballistics
29:31 Murder Holes
30:06 Paiks
30:41 Hand Cart
31:50 Heavy Plow
32:52 Conscription
32:37 Husbandry
33:04 Elite Battle Elephant
34:57 Crop Rotation
36:39 Scale Barding Armor
36:45 Forging
36:10 Siege Elephant
37:42 Chain Barding Armor
37:28 Elite Ratha (Ranged)
40:02 Iron Casting
40:03 Plate Barding Armor
39:49 Fletching
40:23 Mahayana
45:28 Blast Furnace
Ulan
2:13 Loom
14:39 Feudal Age
16:21 Wheelbarrow
15:36 Double-Bit Axe
19:17 Castle Age
17:34 Forging
18:08 Gold Mining
18:39 Horse Collar
20:10 Fletching
21:21 Bow Saw
24:23 Gambesons
28:41 Wheelbarrow
30:51 Imperial Age
27:55 Elite Skirmisher
28:55 Stone Mining
29:45 Gold Shaft Mining
29:43 Caravan
30:18 Heavy Plow
30:01 Pikeman
32:19 Hand Cart
31:49 Town Watch
34:06 Masonry
33:51 Murder Holes
33:58 Light Cavalry
35:39 Onager
37:25 Stone Shaft Mining
37:53 Siege Onager
42:00 Chemistry
42:45 Arson
43:56 Iron Casting
43:22 Scale Mail Armor
43:28 Scale Barding Armor
44:27 Town Patrol
46:58 Stronghold
47:20 Furor Celtica
48:16 Ballistics
47:44 Arrowslits
48:14 Fortified Wall
Connection lost

Rejoining the realm…

Still unreachable

The connection could not be restored.

Session expired

The server has moved on; the page needs a fresh start.